 Dungeon Crawl Stone Soup version 0.21.1-1-g345015fe64 (webtiles) character file.

1535 Htamos the Cleaver (level 9, -8/64 HPs)
             Began as a Formicid Berserker on July 8, 2018.
             Was an Elder of Trog.
             Mangled by an Executioner (9 damage)
             ... on level 1 of the Abyss.
             The game lasted 00:13:39 (4665 turns).

Htamos the Cleaver (Formicid Berserker)             Turns: 4665, Time: 00:13:39

Health: -8/64      AC:  9    Str: 26    XL:     9   Next: 11%
Magic:  6/6        EV:  9    Int:  6    God:    Trog [****..]
Gold:   198        SH:  0    Dex: 12    Spells: 8/8 levels left

rFire    . . .     SeeInvis +   u - +10 whip "Yddoutil" {antimagic, Dex+2}
rCold    . . .     Gourm    .   (no shield)
rNeg     . . .     Faith    .   w - +0 chain mail
rPois    .         Spirit   .   (helmet unavailable)
rElec    .         Reflect  .   h - +0 cloak
rCorr    .         Harm     .   (no gloves)
MR       .....                  (no boots)
Stlth    ..........             (no amulet)
HPRegen  0.20/turn              i - ring of magical power
MPRegen  0.10/turn              (no ring)

@: no status effects
A: permanent stasis, dig shafts and tunnels, four strong arms, antennae 3
a: Dig, Shaft Self, Trog's Hand, Brothers in Arms, Burn Spellbooks, Renounce
Religion


You were on level 1 of the Abyss.
You worshipped Trog.
Trog was greatly pleased with you.
You were not hungry.

You visited 1 branch of the dungeon, and saw 5 of its levels.
You visited the Abyss 1 time.

You collected 198 gold pieces.

Inventory:

Hand Weapons
 a - a +0 hand axe
 n - a +0 shortbow
 u - the +10 whip "Yddoutil" (weapon) {antimagic, Dex+2}
   (You found it on level 4 of the Dungeon)

   It reduces the magical energy of the wielder, and disrupts the spells and
   magical abilities of those hit.
   Natural abilities and divine invocations are not affected.
   It affects your dexterity (+2).
Missiles
 k - 125 stones (quivered)
 l - 74 sling bullets
 o - 14 arrows
Armour
 b - a +0 animal skin
 g - a +0 ring mail
 h - a +0 cloak (worn)
 w - a +0 chain mail (worn)
Jewellery
 i - a ring of magical power (left hand)
 x - an uncursed amulet of rage
Wands
 r - a wand of scattershot (5)
Scrolls
 d - 5 scrolls of teleportation
 e - 3 scrolls of identify
 p - a scroll of noise
Potions
 f - 2 potions of brilliance {unknown}
 j - 3 potions of curing
 q - a potion of heal wounds {unknown}
 s - a potion of cancellation {unknown}
Comestibles
 c - 8 rations
 m - 4 chunks of flesh


   Skills:
 - Level 3.3 Fighting
 * Level 11.0 Axes
 - Level 2.2 Armour
 - Level 1.7 Dodging


You had 8 spell levels left.
You didn't know any spells.

Dungeon Overview and Level Annotations

Branches:
Dungeon (5/15)             Temple (0/1) D:5

Altars:
Nemelex Xobeh
The Shining One

Annotations:
D:5 Edmund


Innate Abilities, Weirdness & Mutations

You cannot be hasted, slowed, berserked, paralysed or teleported.
You can dig through walls and to a lower floor.
Your four strong arms can wield two-handed weapons with a shield.
You have a pair of large antennae on your head. (SInv)


Message History

The Executioner hits you. x2
* * * LOW HITPOINT WARNING * * *
The Executioner hits you.
* * * LOW HITPOINT WARNING * * *
The Executioner hits you.
* * * LOW HITPOINT WARNING * * *
The orange demon stings you but does no damage.
The large abomination barely misses you.
The Executioner closely misses you.
The Executioner hits you but does no damage.
The Executioner hits you.
* * * LOW HITPOINT WARNING * * *
The Executioner hits you.
* * * LOW HITPOINT WARNING * * *
The Executioner hits you.
* * * LOW HITPOINT WARNING * * *
The Executioner hits you but does no damage.
Unknown command.
The Executioner hits you!
You die...

#. .##...{#..#.... #
...##.###{.# .{ ## ..
#.#..#..#v{#..#{{{.#.
..#...#.#.#.....# {..
#.#..X.####. ### #{#
#§#..4.{.# #...# .
#.#..#{# .#####...
#.##.##1##.. .#
#....# #.....@##
..#.# . .
#####..[.≈..#.#
#..#≈≈≈ #.#..≈.≈≈.
#≈≈≈≈.#. .§#..#.≈≈≈≈≈
.#.# .
...#....≈≈≈#.## . .
.≈♣♣ ..≈##.#.# . #
≈#≈ ..≈# # # ≈...
..#.


You could see an Executioner, an orange demon, a large abomination and an
insubstantial wisp.

Vanquished Creatures
  The ghost of kickdok the Covered, a novice MiFi (D:4)
  An insubstantial wisp (Abyss:1)
  2 ice beasts
  A necrophage (D:4)
  2 ogres
  A centaur (D:5)
  A crimson imp (D:5)
  A hound (D:4)
  A bullfrog skeleton (D:5)
  3 orc wizards
  4 worker ants
  The ghost of tidbits the Grave Robber, a weakling GnNe (D:3)
  A hound skeleton (D:3)
  Robin (D:4)
  4 gnolls
  7 adders
  An ooze (D:5)
  4 worms
  A dart slug (D:3)
  3 leopard geckos
  13 orcs
  9 bats
  4 giant cockroaches
  21 goblins
  13 hobgoblins
  20 jackals
  11 kobolds
  2 quokkas
  4 ball pythons
  A ball python skeleton (D:4)
  5 frilled lizards
  10 rats
154 creatures vanquished.

Notes
Turn   | Place    | Note
-------+----------+-------------------------------------------
     0 | D:1      | Htamos the Formicid Berserker began the quest for the Orb.
     0 | D:1      | Reached XP level 1. HP: 18/18 MP: 1/1
    54 | D:1      | Reached XP level 2. HP: 24/24 MP: 2/2
   226 | D:1      | Reached XP level 3. HP: 19/29 MP: 3/3
   227 | D:1      | Reached skill level 4 in Axes
   303 | D:1      | Reached ** piety under Trog
   855 | D:2      | Reached XP level 4. HP: 35/35 MP: 4/4
   856 | D:2      | Found a faded altar of an unknown god.
   890 | D:2      | Found a glowing golden altar of the Shining One.
  1116 | D:2      | Reached skill level 5 in Axes
  1119 | D:2      | Found a glowing golden altar of the Shining One.
  1709 | D:3      | Reached XP level 5. HP: 29/41 MP: 5/5
  1792 | D:3      | Reached *** piety under Trog
  2006 | D:3      | Noticed tidbits's ghost (weakling GnNe)
  2021 | D:3      | Killed tidbits's ghost
  2043 | D:3      | Found a glowing drain.
  2230 | D:3      | Reached skill level 6 in Axes
  2230 | D:3      | Reached XP level 6. HP: 33/47 MP: 6/6
  2690 | D:3      | Received a gift from Trog
  2811 | D:4      | Noticed Robin
  2828 | D:4      | Killed Robin
  2887 | D:4      | Got a pitted whip
  2894 | D:4      | Identified the +10 whip "Yddoutil" {antimagic, Dex+2} (You found it on level 4 of the Dungeon)
  2965 | D:4      | Reached **** piety under Trog
  2967 | D:4      | Reached skill level 7 in Axes
  3014 | D:4      | Noticed kickdok's ghost (novice MiFi)
  3034 | D:4      | Killed kickdok's ghost
  3034 | D:4      | Reached skill level 8 in Axes
  3034 | D:4      | Reached XP level 7. HP: 14/52 MP: 2/7
  3203 | D:4      | Reached XP level 8. HP: 58/58 MP: 2/8
  3206 | D:4      | Reached skill level 9 in Axes
  3959 | D:5      | Entered Level 5 of the Dungeon
  4046 | D:5      | Reached skill level 10 in Axes
  4260 | D:5      | Found a staircase to the Ecumenical Temple.
  4352 | D:5      | Found a sparkling altar of Nemelex Xobeh.
  4566 | D:5      | Reached XP level 9. HP: 55/64 MP: 6/9
  4576 | D:5      | Noticed Edmund
  4587 | D:5      | Cast into level 1 of the Abyss (Edmund)
  4587 | Abyss:1  | Found a corrupted altar of Lugonu.
  4636 | Abyss:1  | Noticed a large abomination
  4647 | Abyss:1  | Noticed an orange demon
  4653 | Abyss:1  | Noticed an Executioner
  4662 | Abyss:1  | Noticed a large abomination
  4663 | Abyss:1  | Reached skill level 11 in Axes
  4664 | Abyss:1  | HP: 1/64 [Executioner (6)]
  4665 | Abyss:1  | Mangled by an Executioner

Skill      XL: |  1  2  3  4  5  6  7  8  9 |
---------------+----------------------------+-----
Axes           | 4 5 6 8 10 11 | 11.0
Fighting       | |  3.3
Armour         | |  2.2
Dodging        | |  1.7

Action                   |  1- 3 |  4- 6 |  7- 9 || total
-------------------------+-------+-------+-------++-------
Melee: Hand axe          |    95 |   216 |       ||   311
       Whip              |       |    42 |   127 ||   169
Invok: Trog's Hand       |       |     1 |       ||     1
  Use: Potion            |       |     2 |       ||     2
       Scroll            |       |       |     8 ||     8
  Eat: Chunk             |       |     7 |     6 ||    13
Armor: Animal skin       |     6 |       |       ||     6
       Ring mail         |    24 |   106 |     7 ||   137
       Chain mail        |       |       |    42 ||    42
Dodge: Dodged            |    58 |   133 |    43 ||   234
